Map: Frozen Temple

Players

Miszu - Winner!

  • Race: Terran Terran
  • League: Grandmaster

Bordan

  • Race: Protoss Protoss
  • League: Grandmaster

VOD

Have the link to the VOD?

Description

Time

  • Played on: May 16, 2016, 2:37 p.m.
  • Length: 15:15
Show
View Real Time Build Order
Export as new Build Order

Miszu Terran - Winner!

Build Orders: MMM Bio 

Get SALT Encoding   

  12  0:00  SCV  
  13  0:13  SCV  
  14  0:17  Supply Depot  
  14  0:25  SCV  
  15  0:39  SCV  
  15  0:40  Barracks  
  16  0:51  SCV  
  17  1:03  SCV  
  18  1:13  Command Center  
  18  1:17  SCV  
  19  1:27  Marine  
  19  1:29  Orbital Command  
  20  1:40  Barracks  
  20  1:52  Barracks  
  20  1:55  SCV  
  20  2:00  Marine  
  22  2:08  SCV  
  23  2:13  Refinery  
  23  2:14  Refinery  
  23  2:25  Marine, Orbital Command  
  23  2:28  Marine, SCV  
  26  2:39  Marine  
  28  2:45  Barracks Tech Lab, SCV  
  28  2:46  Supply Depot, Marine  
  28  2:50  SCV  
  30  2:57  Marine, SCV  
  32  3:03  Stimpack  
  32  3:04  Marine  
  32  3:05  SCV  
  34  3:07  Marine  
  34  3:11  SCV  
  36  3:14  Supply Depot  
  36  3:15  Marine  
  36  3:17  SCV  
  38  3:22  Marine  
  38  3:23  SCV  
  38  3:25  Marine  
  41  3:29  Factory  
  41  3:30  SCV  
  42  3:35  Marine, SCV  
  42  3:40  Marine  
  45  3:42  Marine, SCV  
  45  3:44  Refinery  
  45  3:47  Supply Depot, SCV  
  48  3:52  Marine  
  48  3:55  Engineering Bay  
  49  3:57  SCV  
  49  3:59  SCV  
  49  4:01  Marine  
  52  4:09  Marauder, SCV  
  55  4:10  Marine  
  55  4:12  Supply Depot  
  55  4:16  Starport  
  56  4:18  Factory Reactor  
  56  4:20  SCV  
  56  4:21  SCV  
  56  4:24  Barracks Reactor  
  58  4:28  Supply Depot  
  58  4:32  Barracks Tech Lab  
  58  4:38  SCV  
  59  4:39  SCV  
  59  4:44  Missile Turret  
  60  4:45  Missile Turret  
  60  4:47  Terran Infantry Weapons Level 1  
  60  4:51  Supply Depot, Marauder  
  60  4:52  Marauder  
  64  4:59  Factory Reactor  
  54  5:16  Marauder  
  54  5:18  Marine, Marauder  
  54  5:19  Marine  
  54  5:20  Medivac x2  
  62  5:23  SCV x2  
  63  5:35  SCV  
  63  5:36  Marine, SCV  
  63  5:47  Marauder  
  63  5:48  Marine, Marauder, SCV x2  
  61  6:06  SCV x2  
  61  6:07  Marine x2  
  61  6:08  Marauder  
  67  6:16  Combat Shields, Concussive Shells  
  67  6:18  Medivac, SCV x2  
  71  6:30  Marine, Marauder, SCV x2  
  71  6:31  Marine  
  77  6:33  Marauder  
  77  6:34  Widow Mine  
  81  6:40  Supply Depot  
  81  6:42  SCV x2  
  81  6:44  Terran Infantry Armor Level 1  
  77  6:54  SCV  
  77  6:57  Marine, Marauder  
  77  6:58  Marine, Marauder  
  85  7:01  Medivac x2  
  85  7:04  Supply Depot  
  88  7:12  Command Center, Widow Mine x2  
  92  7:15  Marine  
  92  7:17  Refinery  
  93  7:24  Marauder  
  93  7:26  Marine, Marauder  
  97  7:31  Medivac  
  97  7:33  Supply Depot, Marine  
  97  7:35  Supply Depot  
  100  7:43  Widow Mine  
  102  7:54  Widow Mine  
  102  7:55  Marine x2, Medivac, Marauder  
  102  7:56  Marine  
  102  7:57  Supply Depot x2  
  110  8:12  Marine, Widow Mine  
  110  8:13  Medivac, Marauder  
  110  8:14  Marine  
  110  8:19  Marauder  
  120  8:30  Marine  
  117  8:34  Marauder  
  117  8:35  Marine, Widow Mine  
  117  8:40  Marauder  
  117  8:41  Widow Mine  
  121  8:42  Orbital Command  
  121  8:48  Marine  
  123  8:53  Marine  
  125  8:56  Marauder  
  125  9:00  SCV x2  
  125  9:01  Marauder  
  130  9:06  Marine  
  129  9:11  Marine  
  129  9:12  SCV  
  129  9:13  SCV  
  127  9:17  Marauder  
  127  9:23  Marauder  
  127  9:24  Marine  
  131  9:25  SCV  
  131  9:29  Marine  
  132  9:39  Marauder  
  132  9:40  Medivac, Widow Mine x2  
  132  9:42  Marine  
  132  9:44  Marauder, SCV  
  144  9:46  Starport, Marine  
  144  9:47  Barracks  
  144  9:48  Barracks  
  143  9:59  Marine  
  141  10:00  Marauder  
  141  10:06  Marauder  
  141  10:07  Marine  
  134  10:14  Medivac  
  134  10:15  Medivac  
  134  10:17  Marine, SCV x2  
  134  10:18  Fusion Core  
  136  10:21  Marauder  
  136  10:27  Marauder  
  135  10:29  SCV x2  
  140  10:41  SCV  
  140  10:42  Marine, SCV  
  143  10:43  Marine x3, Marauder  
  143  10:46  Liberator x2  
  143  10:49  Marauder  
  136  10:53  SCV  
  136  10:54  SCV  
  138  11:00  Marine x2  
  146  11:04  Barracks Reactor, Marauder  
  146  11:05  Barracks Tech Lab, Starport Tech Lab  
  146  11:06  SCV  
  146  11:09  Refinery  
  146  11:10  Refinery  
  147  11:12  Liberator  
  147  11:19  Armory  
  147  11:30  Advanced Ballistics  
  147  11:32  Marine, Marauder  
  153  11:33  Marine x3  
  157  11:40  Supply Depot, SCV  
  157  11:45  Liberator x2  
  157  11:46  Marine  
  157  11:47  Marine  
  158  11:49  Marine  
  158  11:50  Marine  
  158  11:51  Marine x2  
  158  11:53  Marine  
  164  11:54  Engineering Bay  
  164  12:04  Supply Depot, Reaper  
  164  12:07  Supply Depot, Marine  
  172  12:08  Liberator  
  172  12:20  Marine  
  172  12:21  Terran Infantry Weapons Level 2  
  173  12:23  Terran Infantry Armor Level 2  
  173  12:25  Marine x2  
  178  12:40  Marine x3, Marauder x2  
  178  12:43  Command Center  
  178  12:44  Marauder  
  187  12:47  Supply Depot x2  
  187  12:52  Liberator x3, Missile Turret  
  187  12:57  Marine  
  197  13:15  Marine, Marauder  
  200  13:23  Barracks  
  200  13:24  Barracks  
  200  13:26  Marauder x2  
  161  13:34  Liberator x2  
  161  13:40  Marauder  
  156  13:46  Marine  
  156  13:47  Marine x4, Marauder  
  161  13:51  Liberator  
  147  14:09  Marine, Marauder  
  153  14:18  Barracks Reactor, Barracks Tech Lab  
  153  14:41  Marine, Marauder  
  153  14:43  Marauder x2  
  153  14:44  Marauder  
Show
View Real Time Build Order
Export as new Build Order

Bordan Protoss 

Build Orders: 1 Gate Expand 

Get SALT Encoding   

  12  0:01  Probe (Chrono Boost)  
  13  0:12  Probe (Chrono Boost)  
  14  0:18  Pylon  
  14  0:22  Probe (Chrono Boost)  
  15  0:36  Probe (Chrono Boost)  
  15  0:37  Gateway  
  16  0:46  Probe (Chrono Boost)  
  16  0:48  Assimilator  
  17  0:57  Probe (Chrono Boost)  
  18  1:08  Probe (Chrono Boost)  
  20  1:18  Probe (Chrono Boost)  
  20  1:25  Cybernetics Core  
  20  1:29  Probe (Chrono Boost)  
  21  1:36  Nexus  
  21  1:39  Probe (Chrono Boost)  
  22  1:45  Pylon  
  22  1:50  Probe (Chrono Boost)  
  22  1:54  Assimilator  
  23  2:04  Mothership Core (Chrono Boost)  
  25  2:18  Warp Gate (Chrono Boost)  
  25  2:22  Probe (Chrono Boost)  
  26  2:27  Stalker  
  28  2:33  Probe (Chrono Boost)  
  29  2:43  Probe (Chrono Boost)  
  30  2:47  Probe (Chrono Boost)  
  31  2:54  Gateway, Probe  
  31  2:56  Gateway  
  31  2:57  Probe  
  31  2:58  Sentry  
  35  3:06  Probe  
  35  3:07  Probe  
  35  3:09  Pylon  
  37  3:18  Probe x2  
  39  3:24  Sentry  
  41  3:28  Probe  
  41  3:30  Probe  
  43  3:34  Pylon  
  43  3:39  Probe  
  44  3:43  Pylon, Probe  
  45  3:48  Nexus  
  45  3:50  Probe  
  45  3:55  Probe  
  47  4:00  Probe  
  48  4:07  Probe  
  49  4:10  Sentry x3  
  49  4:11  Probe  
  49  4:14  Forge  
  49  4:15  Assimilator  
  56  4:17  Assimilator  
  56  4:19  Probe  
  56  4:22  Pylon, Probe  
  58  4:31  Probe  
  59  4:34  Stalker x2  
  59  4:35  Stalker  
  65  4:39  Probe  
  65  4:43  Probe  
  66  4:49  Probe  
  66  4:50  Protoss Ground Weapons Level 1  
  67  4:55  Probe  
  68  5:00  Probe  
  68  5:01  Stalker x2, Zealot  
  75  5:07  Probe  
  74  5:16  Probe  
  74  5:17  Probe  
  74  5:19  Probe  
  77  5:23  Sentry  
  77  5:24  Stalker x2  
  77  5:26  Probe  
  77  5:27  Probe  
  84  5:32  Probe  
  86  5:37  Probe  
  86  5:38  Probe  
  86  5:40  Robotics Facility  
  86  5:41  Photon Cannon  
  86  5:49  Probe  
  85  6:03  Pylon, Stalker x2  
  85  6:04  Stalker  
  87  6:05  Probe  
  87  6:08  Pylon  
  87  6:09  Robotics Facility  
  86  6:12  Twilight Council  
  86  6:13  Probe x2  
  86  6:15  Pylon  
  86  6:16  Pylon  
  86  6:17  Pylon, Probe  
  89  6:19  Pylon  
  89  6:25  Pylon  
  89  6:27  Adept x3, Pylon  
  89  6:32  Probe x2  
  95  6:33  Probe  
  95  6:35  Pylon  
  95  6:36  Assimilator  
  95  6:38  Assimilator  
  98  6:42  Immortal (Chrono Boost)  
  102  6:56  Adept x3  
  102  6:59  Immortal (Chrono Boost)  
  102  7:00  Blink  
  112  7:01  Protoss Ground Weapons Level 2  
  112  7:09  Photon Cannon  
  112  7:10  Probe  
  112  7:11  Photon Cannon, Probe  
  114  7:17  Stalker, Pylon  
  115  7:27  Pylon  
  115  7:28  Pylon  
  115  7:32  Observer (Chrono Boost)  
  115  7:34  Observer (Chrono Boost)  
  115  7:35  Pylon, Probe x2  
  119  7:42  Adept x3  
  125  7:51  Immortal (Chrono Boost)  
  129  7:53  Immortal (Chrono Boost)  
  129  7:55  Probe x2  
  129  7:57  Pylon  
  135  8:02  Gateway  
  135  8:03  Gateway  
  134  8:06  Gateway  
  134  8:07  Adept x2  
  134  8:08  Adept  
  134  8:18  Pylon  
  134  8:31  Adept x2  
  136  8:40  Immortal (Chrono Boost)  
  136  8:41  Immortal (Chrono Boost)  
  129  8:42  Adept  
  127  8:58  Adept x2  
  127  9:01  Adept x2  
  127  9:02  Adept x2  
  122  9:14  Observer x2 (Chrono Boost)  
  122  9:15  Protoss Ground Weapons Level 3  
  116  9:21  Stalker x2  
  116  9:22  Adept x2, Zealot x2  
  118  9:33  Observer (Chrono Boost)  
  117  9:43  Immortal (Chrono Boost)  
  117  9:44  Adept x2  
  117  9:45  Adept x4  
  133  9:48  Probe  
  133  9:49  Probe x2  
  131  10:06  Adept x4  
  131  10:07  Adept  
  118  10:23  Probe x2  
  118  10:25  Immortal (Chrono Boost)  
  118  10:28  Stalker x2  
  117  10:47  Pylon  
  113  10:52  Stalker x2  
  113  10:53  Stalker x2  
  113  10:54  Immortal (Chrono Boost)  
  121  11:02  Probe x2  
  121  11:06  Pylon x2, Warp Prism (Chrono Boost)  
  123  11:21  Assimilator  
  123  11:22  Resonating Glaives (Chrono Boost)  
  123  11:30  Stalker x3  
  123  11:32  Stalker  
  131  11:38  Immortal  
  135  11:50  Protoss Ground Armor Level 1  
  135  11:53  Stalker  
  135  11:54  Stalker x2  
  141  11:55  Stalker  
  143  12:02  Immortal  
  145  12:18  Adept x2  
  145  12:22  Pylon x2  
  149  12:35  Warp Prism  
  149  12:40  Adept x4  
  159  12:44  Pylon  
  159  12:48  Pylon  
  159  13:02  Stalker x2  
  159  13:03  Stalker x2  
  165  13:18  Stalker  
  154  13:31  Adept x3  
  154  13:32  Adept  
  121  14:09  Pylon x3  
Tags
 
Add a new tag
Caveats
  • Supply blocks, unpowered buildings, or Contaminate may cause inaccurate times.
  • Supply counts are checked every 10 seconds.